 Dungeon Crawl Stone Soup version 0.23-b1-6-ga921848b48 (webtiles) character file.

Game seed: 17616951945705669909

91 McKennaii the Caller (level 4, -4/35 HPs)
             Began as a Demigod Summoner on Feb 2, 2019.
             Killed by divine providence
             ... invoked by an orc priest
              (11 damage)
             ... on level 3 of the Dungeon.
             The game lasted 00:10:38 (3028 turns).

McKennaii the Caller (Demigod Summoner)             Turns: 3028, Time: 00:10:38

Health: -4/35      AC:  3    Str: 11    XL:     4   Next: 11%
Magic:  9/10       EV: 12    Int: 21    God:
Gold:   59         SH:  0    Dex: 16    Spells: 6/7 levels left

rFire    . . .     SeeInvis .   d - +0 short sword
rCold    . . .     Gourm    .   (no shield)
rNeg     . . .     Faith    .   i - +0 leather armour (curse)
rPois    .         Spirit   .   (no helmet)
rElec    .         Reflect  .   (no cloak)
rCorr    .         Harm     .   (no gloves)
MR       .....                  (no boots)
Stlth    ++........             (no amulet)
HPRegen  0.11/turn              (no ring)
MPRegen  0.12/turn              (no ring)

@: no status effects
A: high mp 1
a: no special abilities


You were on level 3 of the Dungeon.
You were hungry.

You visited 1 branch of the dungeon, and saw 3 of its levels.

You collected 59 gold pieces.

Inventory:

Hand Weapons
 d - a +0 short sword (weapon)
Armour
 i - a cursed +0 leather armour (worn)
Jewellery
 k - a cursed amulet of inaccuracy {unknown}
Wands
 j - a wand of polymorph (13)
Scrolls
 a - 2 scrolls of identify {unknown}
 b - 2 scrolls of teleportation
 g - 2 scrolls of amnesia {unknown}
Potions
 e - 3 potions of curing
 f - a potion of invisibility {unknown}
 h - a potion of heal wounds {unknown}
Comestibles
 c - 2 rations


   Skills:
 * Level 1.4 Fighting
 + Level 0.8 Armour
 + Level 2.0 Dodging
 + Level 2.0 Stealth
 + Level 2.3 Spellcasting
 * Level 4.3 Summonings


You had 6 spell levels left.
You knew the following spells:

 Your Spells              Type           Power        Failure   Level  Hunger
a - Summon Small Mammal   Summ           ###.         3%          1    #......

Your spell library contained the following spells:

 Spells                   Type           Power        Failure   Level  Hunger
 Call Imp                 Summ           ###.....     4%          2    ##.....
 Call Canine Familiar     Summ           ###.....     10%         3    ###....
 Summon Guardian Golem    Hex/Summ       ##......     22%         3    ###....
 Summon Ice Beast         Ice/Summ       ##......     58%         4    #####..
 Summon Lightning Spire   Summ/Air       ##......     58%         4    #####..


Dungeon Overview and Level Annotations

Branches:
Dungeon (3/15)


Innate Abilities, Weirdness & Mutations

You have an increased reservoir of magic. (+10% MP)


Message History

The bat misses you. The bat hits you but does no damage.
An orc comes into view. It is wielding a +0 falchion.
You miss the bat. The bat hits you but does no damage.
An orc comes into view. It is wielding a +0 whip.
Casting: Summon Small Mammal (safe; 3% risk of failure)
Confirm with . or Enter, or press ? or * to list all spells.
Your quokka misses the bat. The bat hits you but does no damage.
The orc priest invokes the aid of Beogh against you.
Beogh smites you! The bat hits you.
Your quokka barely misses the bat.
The orc priest mumbles some strange prayers to Beogh against you.
Beogh smites you!
* * * LOW HITPOINT WARNING * * *
Your rat barely misses the bat.
The bat hits you but does no damage.
Your rat closely misses the bat.
The bat hits you but does no damage. The bat hits you but does no damage.
The orc priest invokes the aid of Beogh against you.
Beogh smites you!
You die...

#.......# ## #.......## ..
#.###....# #.#######
#.####...# #
#.......#####.........
#.#..###.............###
#####.#..#....#####.........
.........?....#####.#####.##
......#....@................
.........b.#..#####.#####.#.
#.#.o.r#r........#.......#.
.....o.........##.#.###...#.
.#........###..# ### #.#.#.
.........>..#..# #.#.#.
.$..#.#.#...#.... #.#.#.
###.#.#........... #.#. #
#.#.#......... #.


You could see an orc priest, an orc, a bat, a friendly quokka and a friendly
rat.

Vanquished Creatures
  Terence (D:2)
  An adder (D:2)
  2 leopard geckos (D:2)
  4 bats
  3 giant cockroaches (D:1)
  6 goblins
  3 hobgoblins
  2 jackals (D:1)
  2 quokkas (D:2)
  A frilled lizard (D:1)
  2 kobolds (D:1)
  3 rats
30 creatures vanquished.

Vanquished Creatures (collateral kills)
  3 gnolls (D:2)
  A dart slug (D:1)
  An orc (D:2)
  A giant cockroach (D:1)
  4 hobgoblins
  2 jackals (D:1)
  3 kobolds
  A ball python (D:1)
  A bat (D:1)
  4 goblins
  2 rats
23 creatures vanquished.

Grand Total: 53 creatures vanquished

Notes
Turn   | Place    | Note
-------+----------+-------------------------------------------
     0 | D:1      | McKennaii the Demigod Summoner began the quest for the Orb.
     0 | D:1      | Reached XP level 1. HP: 14/14 MP: 5/5
   627 | D:1      | Reached XP level 2. HP: 18/22 MP: 7/7
  1618 | D:2      | Noticed Terence
  1736 | D:2      | Killed Terence
  1736 | D:2      | Reached skill level 1 in Fighting
  1736 | D:2      | Reached skill level 4 in Summonings
  1736 | D:2      | Reached XP level 3. HP: 26/28 MP: 0/9
  2230 | D:2      | Found an iron altar of Okawaru.
  2459 | D:2      | Reached XP level 4. HP: 23/35 MP: 10/10
  2858 | D:2      | Found an opulent altar of Gozag.
  3028 | D:3      | Killed from afar by an orc priest

Skill      XL: |  1  2 |
---------------+-------+-----
Spellcasting   | 2 |  2.3
Dodging        | 2 |  2.0
Fighting       | 1 |  1.4
Stealth        | 2 |  2.0
Summonings     | 4 |  4.3
Armour         | |  0.8

Action                   |  1- 3 |  4- 6 || total
-------------------------+-------+-------++-------
Melee: Dagger            |    70 |       ||    70
       Unarmed           |     8 |       ||     8
       Short sword       |    40 |    21 ||    61
 Cast: Summon Small Mamm |    61 |     5 ||    66
  Use: Scroll            |     3 |       ||     3
 Stab: Sleeping          |     6 |     1 ||     7
       Distracted        |     2 |     1 ||     3
  Eat: Chunk             |     2 |     1 ||     3
       Ration            |     1 |       ||     1
Armor: Robe              |    14 |       ||    14
       Leather armour    |     7 |     9 ||    16
Dodge: Dodged            |    80 |    14 ||    94
